 Dungeon Crawl Stone Soup version 0.28-a0-1002-gf00fe891ef (webtiles) character file.

Game seed: 8518821761385669167

4 miscthings the Sneak (level 1, 0/15 HPs)
             Began as a Naga Enchanter on Dec 7, 2021.
             Slain by a hobgoblin (4 damage)
             ... on level 1 of the Dungeon.
             The game lasted 00:00:22 (183 turns).

miscthings the Sneak (Naga Enchanter)                Turns: 183, Time: 00:00:23

Health: 0/15       AC:  1    Str: 10    XL:     1   Next: 70%
Magic:  3/3        EV:  9    Int: 15    God:
Gold:   0          SH:  0    Dex: 11    Spells: 4/4 levels left

rFire   . . .      SeeInvis +   a - +1 dagger
rCold   . . .      Faith    .   (no shield)
rNeg    . . .      Spirit   .   b - +0 robe
rPois   +          Reflect  .   (no helmet)
rElec   .          Harm     .   (no cloak)
rCorr   .          Rampage  .   (no gloves)
Will    .....                   (no barding)
Stlth   ++........              (no amulet)
HPRegen 0.05/turn               (no ring)
MPRegen 0.08/turn               (no ring)

@: short of breath, very slow
A: AC +0, large, see invisible, deformed body, poison resistance, slowness 2,
spit poison 1, naga tail 1
a: Spit Poison


You were on level 1 of the Dungeon.
You visited 1 branch of the dungeon, and saw 1 of its levels.

Inventory:

Hand Weapons
 a - a +1 dagger (weapon)
Armour
 b - a +0 robe (worn)
Scrolls
 d - a scroll of noise {unknown}
 e - a scroll of enchant armour {unknown}
Potions
 c - a potion of invisibility


   Skills:
 - Level 1.0 Short Blades
 - Level 1.5 Dodging
 - Level 4.4 Stealth
 - Level 2.0 Spellcasting
 + Level 3.3 Hexes


You had 4 spell levels left.
You didn't know any spells.
Your spell library contained the following spells:

 Spells                   Type           Power      Damage    Failure   Level
 Ensorcelled Hibernation  Hex/Ice        12%        N/A       17%         2
 Confusing Touch          Hex            11%        N/A       17%         3
 Tukima's Dance           Hex            11%        N/A       17%         3
 Dazzling Flash           Conj/Hex       12%        N/A       32%         3


Dungeon Overview and Level Annotations

Branches:
Dungeon (1/15)

Altars:


Innate Abilities, Weirdness & Mutations

Your serpentine skin is tough. (AC +0)
You have supernaturally acute eyesight. (SInv)
Armour fits poorly on your strangely shaped body.
Your system is resistant to poisons. (rPois)
You cover ground very slowly.
You can spit poison.
You have a snake-like lower body.


Message History

The goblin moves out of view.
You hit the kobold.
The kobold is severely wounded.
The kobold hits you with a +0 short sword.
The endoplasm jiggles.
You hit the kobold.
You kill the kobold!
You hit the goblin.
The goblin is severely wounded.
The goblin hits you with a +0 club.
* * * LOW HITPOINT WARNING * * *
You are too injured to fight recklessly!
You hit the goblin.
You kill the goblin!
You hit the endoplasm.
The endoplasm is heavily wounded.
The endoplasm barely misses you.
Aiming: Spit Poison (3% risk of failure)
Press: ? - help, Shift-Dir - straight line, f - endoplasm
Aim: an endoplasm (heavily wounded)
You fail to use your ability.
The endoplasm hits you.
* * * LOW HITPOINT WARNING * * *
You hit the endoplasm.
You kill the endoplasm!
You hit the hobgoblin.
You kill the hobgoblin!
Things that are here:
a +0 club; a hobgoblin corpse; a goblin corpse You start resting.
A hobgoblin comes into view.
A hobgoblin is nearby!
The hobgoblin shouts!
The hobgoblin hits you.
* * * LOW HITPOINT WARNING * * *
Aiming: Spit Poison (3% risk of failure)
Press: ? - help, Q - select action Shift-Dir - straight line, f - hobgoblin
Aim: a hobgoblin The splash of poison misses the hobgoblin.
The hobgoblin hits you.
You die...

#.≈#8.8##♣##+##♣##8
#.≈#...###8#+#8###.
#.≈#...'.........'.
#.≈#...##8##.##8##.
#.≈#..8#≈♣≈#'#≈ #8 .
#.≈######♣##'##♣### ...
#.≈≈≈≈≈≈≈≈≈≈.≈≈≈≈≈≈
.....#....)..........###
...$...@############..#
.....#).g....# #.#
.(............# ..# ##
##+#######.. .# .


You could see a hobgoblin.

Vanquished Creatures
  An endoplasm (D:1)
  A goblin (D:1)
  A hobgoblin (D:1)
  A kobold (D:1)
4 creatures vanquished.

Notes
Turn   | Place    | Note
-------+----------+-------------------------------------------
     0 | D:1      | miscthings the Naga Enchanter began the quest for the Orb.
     0 | D:1      | Reached XP level 1. HP: 15/15 MP: 3/3
   183 | D:1      | Slain by a hobgoblin

Illustrated notes

Levels and vault maps discovered:
D:1:      saegor_arrival_fortress, layout_basic, serial_shops, shop_fountains,
          minmay_door_square, minivault_27

Action                   || total
-------------------------++-------
Melee: Dagger            ||     7
 Abil: Spit Poison       ||     1
Dodge: Dodged            ||     1

Table legend: (Time is in decaauts)
 A = Elapsed time spent in this place.
 B = Non-inter-level travel time spent in this place.
 C = Inter-level travel time spent in this place.
 D = Time resting spent in this place.
 E = Time spent auto-exploring this place.
 F = Levels seen in this place.
 G = Mean time per level.
                   A        B        C        D        E       F      G
               +--------+--------+--------+--------+--------+-----+--------+
         Total |    206 |    206 |      0 |    106 |     75 |   1 |  206.0 |
       Dungeon |    206 |    206 |      0 |    106 |     75 |   1 |  206.0 |
               +--------+--------+--------+--------+--------+-----+--------+

Top non-repeatable levels by time:
     D:1: 206 daAuts
